 Dungeon Crawl Stone Soup version 0.29-a0-251-g80730f7218 (webtiles) character file.

Game seed: 11446128471962043590

1542 n8rtot the Digger (level 8, -3/60 HPs)
             Began as a Demigod Earth Elementalist on Mar 5, 2022.
             Slain by a gnoll
             ... wielding a +0 scythe
              (13 damage)
             ... on level 5 of the Dungeon.
             The game lasted 00:34:23 (7425 turns).

n8rtot the Digger (Demigod Earth Elementalist)      Turns: 7425, Time: 00:34:23

Health: -3/60      AC:  2    Str: 13    XL:     8   Next: 31%
Magic:  2/20       EV: 13    Int: 27    God:
Gold:   312        SH:  0    Dex: 14    Spells: 14/18 levels left

rFire   . . .      SeeInvis .   f - +1 short sword
rCold   . . .      Faith    .   (no shield)
rNeg    . . .      Spirit   .   b - +0 robe
rPois   .          Reflect  .   (no helmet)
rElec   .          Harm     .   (no cloak)
rCorr   .          Rampage  .   (no gloves)
Will    .....                   (no boots)
Stlth   ++........              (no amulet)
HPRegen 0.20/turn               p - +6 ring of intelligence
MPRegen 0.17/turn               (no ring)

@: no status effects
A: high MP 1, forlorn, divine attributes
a: no special abilities


You were on level 5 of the Dungeon.
You visited 1 branch of the dungeon, and saw 5 of its levels.
You also visited: Sewer.

You collected 312 gold pieces.

Inventory:

Hand Weapons
 f - a +1 short sword (weapon)
 y - a +4 club
Missiles
 a - 58 stones
 l - 13 poisoned darts
 D - a throwing net
Armour
 b - a +0 robe (worn)
 m - a +4 plate armour
Jewellery
 p - a +6 ring of intelligence (left hand)
 E - a ring of ice
Wands
 v - a wand of digging (1)
 C - a wand of iceblast (5)
Scrolls
 c - a scroll of enchant weapon
 d - 3 scrolls of summoning
 g - a scroll of fear
 j - a scroll of vulnerability
 o - 2 scrolls of teleportation
 q - a scroll of fog {unknown}
 u - a scroll of magic mapping
 x - a scroll of silence {unknown}
 z - a scroll of acquirement {unknown}
 A - a scroll of immolation {unknown}
 B - a scroll of identify
Potions
 e - a potion of attraction
 h - 3 potions of haste
 i - 2 potions of degeneration
 k - a potion of ambrosia {unknown}
 n - 3 potions of might
 r - a potion of cancellation {unknown}
 s - a potion of resistance {unknown}
 t - 2 potions of invisibility
 w - 3 potions of curing
 F - a potion of lignification {unknown}


   Skills:
 + Level 1.7 Fighting
 + Level 1.6 Armour
 + Level 3.9 Dodging
 + Level 2.6 Stealth
 + Level 5.8 Spellcasting
 + Level 0.2 Conjurations
 + Level 0.8 Transmutations
 + Level 6.4 Earth Magic


You had 14 spell levels left.
You knew the following spells:

 Your Spells              Type           Power      Damage    Failure   Level
a - Sandblast             Erth           84%        2d18      1%          1
b - Stone Arrow           Conj/Erth      52%        3d10      4%          3

Your spell library contained the following spells:

 Spells                   Type           Power      Damage    Failure   Level
 Passwall                 Tmut/Erth      22%        N/A       2%          2
 Petrify                  Tmut/Erth      27%        N/A       14%         4


Dungeon Overview and Level Annotations

Branches:
Dungeon (5/15)             Temple (0/1) D:4           Sewer (visited)


Innate Abilities, Weirdness & Mutations

You have an increased reservoir of magic. (+10% MP)
You shall have no god before yourself.
Your divine heritage dramatically boosts your attributes as you level up.


Message History

You don't have enough magic to cast this spell.
Unknown command.
The gnoll hits you from afar with a +0 scythe!
Casting: Stone Arrow (dangerous; 4% risk of failure)
Confirm with . or Enter, or press ? or * to list all spells.
You don't have enough magic to cast this spell.
Unknown command.
Casting: Stone Arrow (dangerous; 4% risk of failure)
Confirm with . or Enter, or press ? or * to list all spells.
Okay, then.
The gnoll hits you with a +0 scythe!
You hit the gnoll.
The gnoll is heavily wounded.
A gnoll comes into view. It is wielding a +0 scythe.
The gnoll hits you with a +0 scythe!
* * * LOW HITPOINT WARNING * * *
The gnoll shouts!
You hit the gnoll but do no damage.
The gnoll is heavily wounded.
You hear a bark!
You hear a shout!
The gnoll closely misses you.
Casting: Stone Arrow (dangerous; 4% risk of failure)
Confirm with . or Enter, or press ? or * to list all spells.
You don't have enough magic to cast this spell.
A gnoll comes into view. It is wielding a +0 scythe.
The gnoll hits you from afar with a +0 scythe!
* * * LOW HITPOINT WARNING * * *
The gnoll barely misses you.
You see here a hound corpse.
Casting: Stone Arrow (dangerous; 4% risk of failure)
Confirm with . or Enter, or press ? or * to list all spells.
You don't know that spell.
Unknown command.
As you read the scroll of fear, it crumbles to dust.
You assume a fearsome visage.
The gnoll looks frightened! x2
The gnoll nearly stumbles in trying to escape.
You start resting.
A gnoll is nearby!
The gnoll hits you from afar with a +0 scythe!
You die...

#.######...............#
#.# ####.###.#.......#
##.###................#
...##>.###..###....##.#
.####.## ##...##...##.##
......# ###..#.#.....#
.###### #......#..... .#
###....# .... .#
#@#####.... ## #.#
#.....#
#########g#...... .
..........))..!..
PPPPP..#####g....
.≈≈≈≈.. ....


PP.P.P. ... P≈≈≈≈.. $. PP..PP. . You could see a gnoll.

Vanquished Creatures
  Grinder (D:5)
  Sigmund (D:3)
  A sky beast (D:5)
  A phantom (D:4)
  3 kobold brigands (Sewer)
  A necrophage (D:4)
  A scorpion (D:5)
  5 killer bees (D:5)
  2 hounds (D:5)
  An orc priest (D:3)
  A gnoll shaman (D:5)
  2 iguanas
  Ijyb (D:4)
  An orc wizard (D:3)
  Robin (D:2)
  6 adders
  7 gnolls
  3 river rats
  3 worms
  A dart slug (D:2)
  6 orcs
  10 ball pythons
  5 bats
  6 endoplasms
  6 giant cockroaches
  16 goblins
  5 hobgoblins
  14 kobolds
  2 quokkas
  2 frilled lizards
  5 rats
120 creatures vanquished.

Notes
Turn   | Place    | Note
-------+----------+-------------------------------------------
     0 | D:1      | n8rtot the Demigod Earth Elementalist began the quest for
                  | the Orb.
     0 | D:1      | Reached XP level 1. HP: 14/14 MP: 5/5
   350 | D:1      | Reached skill level 3 in Earth Magic
   437 | D:1      | Reached XP level 2. HP: 19/20 MP: 5/7
  1187 | D:2      | Reached XP level 3. HP: 22/26 MP: 9/9
  1603 | D:2      | Learned a level 3 spell: Stone Arrow
  1958 | D:2      | Noticed Robin
  1965 | D:2      | Killed Robin
  2221 | D:2      | Reached XP level 4. HP: 29/33 MP: 6/11
  3041 | D:3      | Reached skill level 4 in Earth Magic
  3041 | D:3      | Reached XP level 5. HP: 34/39 MP: 2/12
  3139 | D:3      | Found a glowing drain.
  3150 | Sewer    | Entered a sewer
  3763 | Sewer    | Reached XP level 6. HP: 40/46 MP: 12/15
  4203 | D:3      | Noticed Sigmund
  4349 | D:3      | Killed Sigmund
  4350 | D:3      | Reached skill level 1 in Fighting
  4350 | D:3      | Reached skill level 5 in Earth Magic
  5008 | D:4      | Found a staircase to the Ecumenical Temple.
  5025 | D:4      | Reached XP level 7. HP: 51/52 MP: 17/17
  5062 | D:4      | Noticed Ijyb
  5313 | D:4      | Killed Ijyb
  5965 | D:4      | Reached skill level 1 in Armour
  6645 | D:5      | Entered Level 5 of the Dungeon
  6658 | D:5      | Reached skill level 5 in Spellcasting
  6968 | D:5      | Noticed Grinder
  6974 | D:5      | Killed Grinder
  6975 | D:5      | Reached skill level 6 in Earth Magic
  6975 | D:5      | Reached XP level 8. HP: 52/59 MP: 7/20
  7425 | D:5      | Slain by a gnoll

Illustrated notes

Levels and vault maps discovered:
D:1:      scummos_arrival_simple_crosswalls, layout_loops_corners,
          shapermc_ecumenical_altar_mp_ritualfount,
          nicolae_concentric_dashed_squares_mild, hangedman_decor_growths
D:2:      layout_loops_corners, roderic_lattice_a, uniq_robin
D:3:      layout_loops_cross, portal_sewer_entry_b, hangedman_decor_points,
          minmay_misc_feat_pillars, uniq_sigmund
D:4:      minmay_door_path, layout_basic, minmay_temple_entry_sparse_star,
          uniq_ijyb
D:5:      layout_rooms, dreamdust_gnoll_farm, uniq_grinder, uniq_menkaure

Skill      XL: |  1  2  3  4  5  6  7 |
---------------+----------------------+-----
Earth Magic    | 3 4 5 6 |  6.4
Spellcasting   | 2 3 4 5 |  5.8
Stealth        | 2 |  2.6
Dodging        | 2 3 |  3.9
Fighting       | 1 |  1.7
Armour         | 1 |  1.6
Conjurations   | |  0.2
Transmutations | |  0.8

Action                   |  1- 3 |  4- 6 |  7- 9 || total
-------------------------+-------+-------+-------++-------
Melee: Short sword       |    63 |    83 |    84 ||   230
       Punch             |       |       |     2 ||     2
 Cast: Sandblast         |    34 |    54 |    24 ||   112
       Stone Arrow       |       |       |    15 ||    15
  Use: Scroll            |       |    10 |     2 ||    12
       Potion            |       |     2 |       ||     2
Armor: Robe              |    15 |    11 |    14 ||    40
       Plate armour      |       |    25 |    13 ||    38
Dodge: Dodged            |    54 |    30 |    70 ||   154

Table legend: (Time is in decaauts)
 A = Elapsed time spent in this place.
 B = Non-inter-level travel time spent in this place.
 C = Inter-level travel time spent in this place.
 D = Time resting spent in this place.
 E = Time spent auto-exploring this place.
 F = Levels seen in this place.
 G = Mean time per level.
                   A        B        C        D        E       F      G
               +--------+--------+--------+--------+--------+-----+--------+
         Total |   7509 |   7509 |      0 |   1755 |   3913 |   6 | 1251.5 |
       Dungeon |   6453 |   6453 |      0 |   1355 |   3516 |   5 | 1290.6 |
         Sewer |   1056 |   1056 |      0 |    400 |    397 |   1 | 1056.0 |
               +--------+--------+--------+--------+--------+-----+--------+

Top non-repeatable levels by time:
     D:4: 1802 daAuts
     D:2: 1628 daAuts
     D:3: 1303 daAuts
   Sewer: 1056 daAuts
     D:1: 934 daAuts
     D:5: 783 daAuts
